 Dungeon Crawl Stone Soup version 0.25-a0-302-g9f758675c1 (webtiles) character file.

Game seed: 11445989414882888316, levelgen mode: deterministic

3393 Nixze the Archer (level 9, -5/70 HPs)
             Began as a Centaur Arcane Marksman on Dec 20, 2019.
             Was a Follower of Okawaru.
             Slain by a hornet (13 damage)
             ... on level 8 of the Dungeon.
             The game lasted 00:33:58 (10814 turns).

Nixze the Archer (Centaur Arcane Marksman)         Turns: 10814, Time: 00:33:58

Health: -5/70      AC:  7    Str: 21    XL:     9   Next: 75%
Magic:  13/13      EV: 14    Int: 12    God:    Okawaru [*.....]
Gold:   399        SH:  0    Dex: 15    Spells: 5/13 levels left

rFire    . . .     SeeInvis .   b - +0 shortbow
rCold    . . .     Gourm    .   (shield currently unavailable)
rNeg     . . .     Faith    .   v - +2 leather armour of a Gauntlet {Slay+3}
rPois    .         Spirit   .   w - +0 helmet
rElec    .         Reflect  .   (no cloak)
rCorr    .         Harm     .   (no gloves)
MR       .....                  (no barding)
Stlth    ++........             z - amulet of rage
HPRegen  0.21/turn              C - +5 ring of strength
MPRegen  0.13/turn              (no ring)

@: agile, slowed
A: large, hooves 3, deformed body, speed 2, tough skin 3
a: Heroism, Renounce Religion, Evoke Berserk Rage


You were on level 8 of the Dungeon.
You worshipped Okawaru.
Okawaru was aware of your devotion.
You were not hungry.

You visited 2 branches of the dungeon, and saw 9 of its levels.
You also visited: Sewer.

You collected 399 gold pieces.

Inventory:

Hand Weapons
 a - a +0 short sword of flaming
 b - a +0 shortbow (weapon)
 t - a +1 flail of draining
 F - a +0 whip of flaming
Missiles
 d - 61 arrows (quivered)
 h - 146 stones
 p - 93 bolts
Armour
 v - the +2 leather armour of a Gauntlet (worn) {Slay+3}
   (You found it on level 5 of the Dungeon)

   It affects your accuracy and damage with ranged weapons and melee attacks
   (+3).
 w - a +0 helmet (worn)
Jewellery
 z - an amulet of rage (around neck)
 C - a +5 ring of strength (left hand)
Wands
 y - a wand of acid (14)
 E - a wand of digging (4)
Scrolls
 g - 6 scrolls of remove curse
 i - 4 scrolls of identify
 k - 3 scrolls of teleportation
 q - a scroll of blinking {unknown}
 r - 2 scrolls of magic mapping
 u - 2 scrolls of fog
 D - a scroll of enchant weapon {unknown}
 G - a scroll of amnesia {unknown}
Potions
 c - a potion of agility
 e - 2 potions of curing
 j - a potion of might
 l - a potion of cancellation
 m - a potion of lignification
 n - 2 potions of haste {unknown}
 o - 5 potions of brilliance
 s - a potion of degeneration {unknown}
 x - a potion of flight {unknown}
 A - 2 potions of heal wounds {unknown}
 B - a potion of ambrosia {unknown}
Comestibles
 f - 7 rations
 H - 14 chunks of flesh


   Skills:
 + Level 3.3 Fighting
 - Level 14.0 Bows
 - Level 1.3 Dodging
 + Level 2.7 Spellcasting
 - Level 5.0 Hexes
 * Level 4.4 Translocations


You had 5 spell levels left.
You knew the following spells:

 Your Spells              Type           Power        Failure   Level  Hunger
a - Corona                Hex            ##.....      3%          1    #......
b - Portal Projectile     Hex/Tloc       ##....       13%         3    ###....
c - Slow                  Hex            ##......     5%          2    ###....
d - Blink                 Tloc           N/A          7%          2    ###....

Your spell library contained the following spells:

 Spells                   Type           Power        Failure   Level  Hunger
 Magic Dart               Conj           #...         28%         1    #......
 Inner Flame              Hex/Fire       #.......     30%         3    ###....
 Cause Fear               Hex            ##........   36%         4    #####..
 Call Imp                 Summ           #.......     41%         2    ###....
 Conjure Flame            Conj/Fire      #.......     65%         3    ###....
 Mephitic Cloud           Conj/Pois/Air  #.......     65%         3    ###....
 Leda's Liquefaction      Hex/Erth       #.........   71%         4    #####..


Dungeon Overview and Level Annotations

Branches:
Dungeon (8/15)             Temple (1/1) D:6           Sewer (visited)
   Lair: D:8-11

Altars:
Ashenzari
Cheibriados
Dithmenos
Elyvilon
Fedhas
Gozag
Hepliaklqana
Kikubaaqudgha
Makhleb
Nemelex Xobeh
Okawaru
Qazlal
Ru
Sif Muna
Trog
Uskayaw
Vehumet
Wu Jian
Xom
Yredelemnul
Zin
The Shining One

Annotations:
D:3 1 runed translucent door


Innate Abilities, Weirdness & Mutations

You have hooves in place of feet.
Armour fits poorly on your strangely shaped body.
You cover ground very quickly.
You have extremely tough skin. (AC +3)


Message History

You feel as though you will be slow longer.
You see here a water moccasin corpse.
The hornet stings you.
You feel as though you will be slow longer.
The hornet barely misses you. The hornet stings you!
You feel as though you will be slow longer.
The hornet barely misses you. The hornet stings you!
* * * LOW HITPOINT WARNING * * *
You feel as though you will be slow longer.
You feel better. The hornet misses you. x2
You feel agile all of a sudden. The hornet stings you!
* * * LOW HITPOINT WARNING * * *
You feel as though you will be slow longer.
The hornet closely misses you.
The hornet stings you but does no damage.
The hornet stings you!
You die...

## .. ...# .#
###...#### ##.#
....###...#### #..#
......###....###..#
.........###.....#
..........####o..#
..........# ###y##
........†.# ##@.##
......o...# #....##
..........#
##.....##
..........#
#.......#
......((..#
#...<##..#
..........# ##...##
#..# ....(....##
#....# ...
...(...### ##...##
.. ..(...# #....#


You could see a hornet.

Vanquished Creatures
  Pikel (D:6)
  A centaur skeleton (D:6)
  Grinder (D:4)
  Sigmund (D:2)
  Edmund (D:4)
  A water moccasin (D:8)
  A slave (D:6)
  An ice beast (D:6)
  A phantom (D:7)
  2 ogres
  4 big kobolds
  A bullfrog (D:6)
  A water moccasin skeleton (D:6)
  4 scorpions
  A bullfrog zombie (D:7)
  4 crimson imps
  A jelly (D:5)
  3 hounds
  A gnoll shaman (D:7)
  2 orc priests
  A bullfrog skeleton (D:5)
  2 orc wizards
  Terence (D:3)
  6 iguanas
  4 worker ants
  A hound zombie (D:6)
  Robin (D:3)
  8 gnolls
  11 adders
  5 river rats (Sewer)
  2 oozes
  3 worms
  5 dart slugs (D:1)
  3 leopard geckos
  17 orcs
  10 bats
  8 giant cockroaches
  16 goblins
  9 hobgoblins
  7 jackals
  6 quokkas
  7 ball pythons
  5 frilled lizards
  A jackal zombie (D:7)
  22 kobolds
  A kobold zombie (D:3)
  31 rats
226 creatures vanquished.

Vanquished Creatures (others)
  An orc (D:6)
1 creature vanquished.

Grand Total: 227 creatures vanquished

Notes
Turn   | Place    | Note
-------+----------+-------------------------------------------
     0 | D:1      | Nixze the Centaur Arcane Marksman began the quest for the
                  | Orb.
     0 | D:1      | Reached XP level 1. HP: 16/16 MP: 2/2
    85 | D:1      | Reached skill level 3 in Bows
   287 | D:1      | Reached XP level 2. HP: 23/23 MP: 3/3
   392 | D:1      | Reached skill level 4 in Bows
  1060 | D:1      | Reached XP level 3. HP: 24/28 MP: 4/4
  1451 | D:2      | Reached skill level 5 in Bows
  2196 | D:2      | Noticed Sigmund
  2208 | D:2      | Killed Sigmund
  2208 | D:2      | Reached skill level 7 in Bows
  2208 | D:2      | Reached XP level 4. HP: 12/35 MP: 5/5
  2208 | D:2      | Reached XP level 5. HP: 14/40 MP: 6/6
  2448 | D:2      | Found an opulent altar of Gozag.
  2450 | D:2      | Found a shimmering blue altar of Sif Muna.
  2452 | D:2      | Found a white marble altar of Elyvilon.
  2617 | D:3      | Reached skill level 8 in Bows
  3021 | D:3      | Found a stormy altar of Qazlal.
  3080 | D:3      | Found a runed translucent door.
  3080 | D:3      | Noticed a human
  3110 | D:3      | Reached XP level 6. HP: 36/47 MP: 4/7
  3229 | D:3      | Found a basalt altar of Yredelemnul.
  3428 | D:3      | Noticed Terence
  3456 | D:3      | Killed Terence
  4211 | D:4      | Noticed Edmund
  4272 | D:4      | Reached skill level 9 in Bows
  4715 | D:4      | Killed Edmund
  4715 | D:4      | Reached skill level 10 in Bows
  4715 | D:4      | Reached XP level 7. HP: 52/52 MP: 6/8
  4743 | D:4      | Noticed Robin
  4923 | D:3      | Killed Robin
  5578 | D:3      | Reached skill level 11 in Bows
  6018 | D:4      | Noticed Grinder
  6021 | D:4      | Paralysed by Grinder for 4 turns
  6298 | D:4      | Killed Grinder
  6298 | D:4      | Reached skill level 12 in Bows
  6298 | D:4      | Reached XP level 8. HP: 53/59 MP: 9/9
  6633 | D:5      | Entered Level 5 of the Dungeon
  6686 | D:5      | Got a heavily runed leather armour
  6977 | D:5      | Found a glowing drain.
  6981 | Sewer    | Entered a sewer
  7027 | Sewer    | Identified the +2 leather armour of a Gauntlet {Slay+3}
                  | (You found it on level 5 of the Dungeon)
  7466 | Sewer    | Reached skill level 13 in Bows
  7867 | D:5      | Learned a level 3 spell: Portal Projectile
  7870 | D:5      | Learned a level 2 spell: Slow
  7873 | D:5      | Learned a level 2 spell: Blink
  8378 | D:5      | Reached skill level 1 in Translocations
  8928 | D:6      | Noticed Pikel
  8953 | D:6      | Killed Pikel
  8953 | D:6      | Reached XP level 9. HP: 67/67 MP: 2/11
  9138 | D:6      | Found a staircase to the Ecumenical Temple.
  9145 | Temple   | Entered the Ecumenical Temple
  9150 | Temple   | Became a worshipper of Warmaster Okawaru
  9328 | D:6      | Found a shimmering altar of Xom.
  9330 | D:6      | Found a white marble altar of Elyvilon.
  9330 | D:6      | Found a shimmering altar of Xom.
  9332 | D:6      | Found a shimmering blue altar of Sif Muna.
  9332 | D:6      | Found a hazy altar of Hepliaklqana.
  9332 | D:6      | Found a hazy altar of Hepliaklqana.
  9908 | D:6      | Reached skill level 14 in Bows
 10276 | D:7      | Found a shattered altar of Ashenzari.
 10611 | D:7      | Reached skill level 5 in Hexes
 10619 | D:7      | Reached * piety under Okawaru
 10814 | D:8      | Slain by a hornet

Levels and vault maps discovered:
D:1:      lightli_arrival_windingriver, layout_loops_ring, minmay_cut_off
D:2:      layout_loops_cross, minitemple, first_ration, patterned_corridor,
          uniq_sigmund
D:3:      layout_loops_corners, grunt_qazlal_clouds, dk_yredelemnul_ordeal,
          uniq_terence
D:4:      layout_cave_pools, minmay_misc_feat_x, uniq_robin, uniq_edmund,
          uniq_grinder
D:5:      layout_basic, gup_sewer_entry_bowl
D:6:      layout_cave_pods, minmay_temple_entry_mini_moons, serial_park,
          serial_park_square2, serial_park_tiny_pond, serial_park_square2,
          doesnt_xom_only_xom, uniq_pikel
D:7:      layout_basic, cheibrodos_ashenzari_chains
D:8:      layout_cave_pods, kennysheep_mini_moat, hangedman_ranch
          [blue_anna_fruit_fields]
Temple:   nicolae_temple_elliptical

Skill      XL: |  1  2  3  4  5  6  7  8  9 |
---------------+----------------------------+-----
Bows           | 3 4 7 8 10 12 13 14 | 14.0
Hexes          | 4 5 |  5.0
Translocations | 2 4 |  4.4
Fighting       | 2 3 |  3.3
Spellcasting   | 2 |  2.7
Dodging        | |  1.3

Action                   |  1- 3 |  4- 6 |  7- 9 || total
-------------------------+-------+-------+-------++-------
Melee: Club              |    29 |       |       ||    29
       Shortbow          |     6 |       |       ||     6
       Kick              |    16 |    10 |    61 ||    87
       Dagger            |    42 |    37 |       ||    79
       Short sword       |       |    61 |   328 ||   389
 Fire: Shortbow          |    71 |    43 |   208 ||   322
Throw: Stone             |    25 |       |     2 ||    27
 Cast: Corona            |       |    32 |    19 ||    51
       Slow              |       |       |     3 ||     3
  Use: Scroll            |       |     2 |     8 ||    10
       Potion            |       |       |     2 ||     2
  Eat: Chunk             |     3 |     8 |    18 ||    29
Armor: Robe              |    34 |       |       ||    34
       Leather armour    |    20 |    67 |   148 ||   235
       Animal skin       |       |       |    26 ||    26
Dodge: Dodged            |    55 |    86 |   198 ||   339

Table legend:
 A = Non-vault XP
 B = Vault XP
 C = Vault XP percentage of total XP
 D = Non-vault monster count
 E = Vault monster count
 F = Vault count percentage of total count
                 A         B        C        D         E       F
            +---------+---------+-------+---------+---------+-------
      Total |    3008 |    1840 |  38.0 |     153 |      73 |  32.3
            +---------+---------+-------+---------+---------+-------
        D:1 |      44 |       5 |  10.2 |      21 |       4 |  16.0
        D:2 |      89 |     223 |  71.5 |      19 |       1 |   5.0
        D:3 |     228 |      67 |  22.7 |      31 |      11 |  26.2
        D:4 |     332 |     452 |  57.7 |      16 |       4 |  20.0
        D:5 |     336 |       7 |   2.0 |      16 |       4 |  20.0
        D:6 |     902 |     651 |  41.9 |      23 |       1 |   4.2
        D:7 |     884 |       0 |   0.0 |      23 |       0 |   0.0
        D:8 |     193 |       0 |   0.0 |       4 |       0 |   0.0
      Sewer |       0 |     435 | 100.0 |       0 |      48 | 100.0
            +---------+---------+-------+---------+---------+-------
